 Dungeon Crawl Stone Soup version 0.22.1-2-g9c5b331 (webtiles) character file.

44615 HerrDoktor the Impaler (level 14, -2/121 HPs)
             Began as a Merfolk Gladiator on Dec 25, 2018.
             Was a High Priest of the Shining One.
             Slain by a catoblepas (5 damage)
             ... on level 3 of the Lair of Beasts on Dec 26, 2018.
             The game lasted 01:22:01 (21066 turns).

HerrDoktor the Impaler (Merfolk Gladiator)         Turns: 21066, Time: 01:22:02

Health: -2/121     AC: 14    Str: 17    XL:     14   Next: 29%
Magic:  12/14      EV: 11    Int:  7    God:    the Shining One [*****.]
Gold:   1467       SH:  0    Dex: 18    Spells: 13/13 levels left

rFire    + . .     SeeInvis .   C - +0 glaive (venom)
rCold    + . .     Gourm    .   (shield currently unavailable)
rNeg     + + .     Faith    .   b - +3 scale mail {MR+}
rPois    +         Spirit   .   c - +1 helmet
rElec    +         Reflect  .   J - +0 cloak
rCorr    +         Harm     .   s - +0 pair of gloves
MR       ++...                  (boots currently unavailable)
Stlth    +.........             (no amulet)
HPRegen  0.30/turn              n - ring of poison resistance
MPRegen  0.14/turn              t - +2 ring of slaying

@: divine shield, resistant, petrifying, very slightly contaminated, glowing,
quick
A: change form in water, swift swim, stealthy swim
a: Divine Shield, Cleansing Flame, Summon Divine Warrior, Renounce Religion


You were on level 3 of the Lair of Beasts.
You worshipped the Shining One.
The Shining One was extremely pleased with you.
You were not hungry.

You visited 4 branches of the dungeon, and saw 17 of its levels.

You collected 2123 gold pieces.
You spent 656 gold pieces at shops.

Inventory:

Hand Weapons
 C - a +0 glaive of venom (weapon)
 N - a +2 halberd of chopping
Missiles
 d - 5 throwing nets
 j - 24 tomahawks (quivered)
 H - 7 javelins
Armour
 a - a +3 ring mail of cold resistance
 b - a +3 scale mail of magic resistance (worn)
 c - a +1 helmet (worn)
 h - a +1 ring mail of positive energy
 k - a +1 chain mail of cold resistance
 s - a +0 pair of gloves (worn)
 G - a +1 ring mail of poison resistance
 J - a +0 cloak (worn)
 P - a +2 chain mail of cold resistance
 Q - the +2 pair of boots of Rotation (melded) {rPois Str+2}
   (You bought it in a shop on level 2 of the Orcish Mines)

   It affects your strength (+2).
   It protects you from poison.
Jewellery
 n - a ring of poison resistance (left hand)
 t - a +2 ring of slaying (right hand)
Wands
 I - a wand of flame (62)
 K - a wand of paralysis (15)
Scrolls
 g - 3 scrolls of fear
 p - 3 scrolls of remove curse
 q - 5 scrolls of amnesia
 v - a scroll of identify
 E - a scroll of teleportation
Potions
 e - 2 potions of haste
 i - 11 potions of curing
 l - 4 potions of magic
 m - 2 potions of ambrosia
 r - 4 potions of cancellation
 x - 4 potions of flight
 z - 4 potions of lignification
 B - 2 potions of brilliance
 F - a potion of might {unknown}
 L - a potion of mutation
Comestibles
 f - 38 rations


   Skills:
 * Level 14.8 Fighting
 + Level 20.5 Polearms
 + Level 6.5 Throwing
 + Level 4.8 Armour
 + Level 12.3 Dodging
 - Level 1.0 Invocations


You had 13 spell levels left.
You didn't know any spells.
Your spell library contained the following spells:

 Spells                   Type           Power        Failure   Level  Hunger
 Flame Tongue             Conj/Fire      #....        82%         1    ##.....
 Magic Dart               Conj           #...         82%         1    ##.....
 Sting                    Conj/Pois      #...         82%         1    ##.....
 Blink                    Tloc           N/A          91%         2    ###....
 Call Imp                 Summ           #.......     91%         2    ###....
 Poisonous Vapours        Pois/Air       #.....       91%         2    ###....
 Slow                     Hex            #.......     91%         2    ###....
 Throw Flame              Conj/Fire      #.....       91%         2    ###....
 Conjure Flame            Conj/Fire      #.......     99%         3    ####...
 Ignite Poison            Fire/Tmut/Pois #.......     99%         3    ####...
 Inner Flame              Hex/Fire       #.......     99%         3    ####...
 Mephitic Cloud           Conj/Pois/Air  #.......     99%         3    ####...
 Olgreb's Toxic Radiance  Pois           #.......     100%        4    #####..
 Sticky Flame             Conj/Fire      #.......     100%        4    #####..
 Bolt of Magma            Conj/Fire/Erth #.........   100%        5    ######.
 Fireball                 Conj/Fire      #.........   100%        5    ######.
 Iskenderun's Battlesphe  Conj/Chrm      #.......     100%        5    ######.
 Venom Bolt               Conj/Pois      #.........   100%        5    ######.
 Bolt of Fire             Conj/Fire      #.........   100%        6    #######
 Iron Shot                Conj/Erth      #.........   100%        6    #######
 Haunt                    Necr/Summ      #.........   100%        7    #######
 Orb of Destruction       Conj           #.........   100%        7    #######
 Ring of Flames           Chrm/Fire      #.........   100%        7    #######
 Spellforged Servitor     Conj/Summ      #.........   100%        7    #######
 Borgnjor's Revivificati  Necr           #.........   100%        8    #######
 Death's Door             Chrm/Necr      #.........   100%        8    #######
 Ignition                 Fire           #.........   100%        8    #######
 Infestation              Necr           #.........   100%        8    #######
 Necromutation            Tmut/Necr      #.........   100%        8    #######


Dungeon Overview and Level Annotations

Branches:
Dungeon (11/15)            Temple (1/1) D:4            Lair (3/6) D:9
  Swamp (0/4) Lair:2        Snake (0/4) Lair:2          Orc (2/2) D:11
    Elf (0/3) Orc:2

Altars:
Ashenzari
Cheibriados
Dithmenos
Elyvilon
Fedhas
Gozag
Hepliaklqana
Kikubaaqudgha
Makhleb
Nemelex Xobeh
Okawaru
Qazlal
Ru
Sif Muna
Trog
Uskayaw
Vehumet
Wu Jian
Xom
Yredelemnul
Zin
The Shining One

Shops:
D:7 }   D:9 *   Orc:2 :*[(

Annotations:
D:4 1 runed door, Lidrolic's ghost, novice HuFi


Message History

The catoblepas gores you!!
* * * LOW HITPOINT WARNING * * *
Your legs become a tail as you enter the water.
The +2 pair of boots of Rotation {rPois Str+2} melds into your body.
The catoblepas breathes a plume of calcifying dust at you.
The blast of calcifying dust hits you!
* * * LOW HITPOINT WARNING * * *
You hit the catoblepas.
The catoblepas looks as sick as possible!
You tail-slap the catoblepas, but do no damage.
The catoblepas is heavily wounded.
The catoblepas breathes a plume of calcifying dust at you.
The blast of calcifying dust hits you!
* * * LOW HITPOINT WARNING * * *
Okay, then.
You feel protected.
You are engulfed in calcifying dust.
You are slowing down.
The catoblepas gores you!
You die...

.....P#...# #..####.#........
.........## ##..###.#.#.......
##...#.#.# #..##.####........
#......###### ##..#...###PP.....#
#.....P####.###....(...P######P##
........##...#..........# ##
.........................
...........>..≈..........
)........≈≈..§§≈@Y.......
........≈≈≈≈≈≈≈≈§........
........≈≈≈≈≈≈≈§≈........
........≈≈≈≈≈≈§≈.........
........≈≈≈≈≈§≈..........
.........≈≈≈§≈...........
...§.............
..##.PPP#....<... ..
#..######.....


You could see a catoblepas.

Vanquished Creatures
  Gastronok (Lair:2)
  An orc warlord (Orc:2)
  An ogre mage (D:10)
  Harold (D:7)
  A centaur warrior (D:11)
  Erica (Orc:1)
  A two-headed ogre (D:10)
  A tengu warrior (D:11)
  4 orc high priests (Orc:2)
  A skeletal warrior (D:10)
  3 orc knights (Orc:2)
  A cyclops (Orc:2)
  5 orc sorcerers (Orc:2)
  4 elephants
  3 gargoyles (D:10)
  4 black mambas
  2 rime drakes
  A torpor snail (Lair:2)
  4 spiny frogs
  A komodo dragon (Lair:1)
  2 tengu conjurers
  2 trolls
  A bog body (Lair:2)
  8 blink frogs
  5 slime creatures (D:11)
  A tarantella (shapeshifter) (D:10)
  A hippogriff (Lair:3)
  A shadow (D:10)
  22 yaks
  2 wyverns (D:9)
  A wraith (D:10)
  Grum (D:11)
  A basilisk (Lair:1)
  3 hungry ghosts
  Menkaure (D:7)
  5 wargs
  A naga (Lair:2)
  An acid dragon (D:9)
  2 swamp worms (Lair:2)
  9 water moccasins
  6 porcupines
  37 orc warriors
  Duvessa (D:7)
  3 ice beasts
  2 phantoms
  5 sky beasts
  10 ogres
  A hornet zombie (D:11)
  7 centaurs
  37 wolves
  9 crocodiles
  A big kobold (D:10)
  15 bullfrogs
  Dowan (D:7)
  2 scorpions
  A water moccasin skeleton (D:8)
  10 wights
  6 howler monkeys
  An electric eel (Lair:2)
  4 crimson imps
  2 bullfrog zombies
  A bullfrog skeleton (D:11)
  2 centaur zombies (D:10)
  22 orc priests
  2 centaur skeletons
  2 gnoll shamans
  5 jellies
  3 iguanas
  34 orc wizards
  7 worker ants
  A killer bee zombie (D:10)
  2 hound zombies
  A worker ant zombie (D:11)
  15 gnolls
  17 adders
  2 oozes
  An adder zombie (D:10)
  An adder skeleton (D:7)
  2 worms (D:3)
  2 dart slugs
  5 leopard geckos
  76 orcs
  A ball python (D:2)
  3 bats
  8 giant cockroaches
  11 hobgoblins
  12 jackals
  13 kobolds
  7 quokkas
  7 frilled lizards
  13 goblins
  2 leopard gecko skeletons
  A quokka skeleton (D:8)
  A quokka zombie (D:5)
  6 rats
  2 fungi (Lair:2)
562 creatures vanquished.

Vanquished Creatures (others)
  An orc wizard (D:5)
  2 fungi
  2 plants (Lair:2)
5 creatures vanquished.

Grand Total: 567 creatures vanquished

Notes
Turn   | Place    | Note
-------+----------+-------------------------------------------
     0 | D:1      | HerrDoktor the Merfolk Gladiator began the quest for the
                  | Orb.
     0 | D:1      | Reached XP level 1. HP: 16/16 MP: 1/1
   124 | D:1      | Reached XP level 2. HP: 23/23 MP: 2/2
   563 | D:2      | Reached skill level 5 in Polearms
   567 | D:2      | Reached XP level 3. HP: 26/28 MP: 3/3
   827 | D:2      | Reached XP level 4. HP: 34/34 MP: 4/4
  1097 | D:2      | Reached skill level 6 in Polearms
  1404 | D:2      | Reached XP level 5. HP: 36/40 MP: 5/5
  2086 | D:3      | Reached skill level 7 in Polearms
  2457 | D:4      | Found a staircase to the Ecumenical Temple.
  2476 | Temple   | Entered the Ecumenical Temple
  2664 | Temple   | Became a worshipper of the Shining One
  2715 | D:4      | Reached XP level 6. HP: 44/47 MP: 6/6
  2722 | D:4      | Reached skill level 5 in Dodging
  2866 | D:4      | Reached skill level 8 in Polearms
  2866 | D:4      | Reached skill level 1 in Armour
  3073 | D:4      | Found a runed door.
  3077 | D:4      | Noticed Lidrolic's ghost (novice HuFi)
  3139 | D:4      | Reached XP level 7. HP: 42/52 MP: 7/7
  3191 | D:4      | Reached skill level 9 in Polearms
  3399 | D:4      | Reached * piety under the Shining One
  3561 | D:5      | Entered Level 5 of the Dungeon
  3573 | D:5      | Reached skill level 10 in Polearms
  3684 | D:5      | Reached XP level 8. HP: 45/60 MP: 8/8
  3989 | D:5      | Reached skill level 11 in Polearms
  4136 | D:5      | Found a bloodstained altar of Trog.
  5168 | D:7      | Reached skill level 5 in Fighting
  5168 | D:7      | Reached skill level 12 in Polearms
  5209 | D:7      | Found a blossoming altar of Fedhas.
  5210 | D:7      | Found a snail-covered altar of Cheibriados.
  5290 | D:7      | Noticed Dowan
  5290 | D:7      | Reached ** piety under the Shining One
  5308 | D:7      | Killed Dowan
  5503 | D:7      | Reached XP level 9. HP: 65/69 MP: 9/9
  5510 | D:7      | Noticed Duvessa
  5529 | D:7      | Killed Duvessa
  6396 | D:7      | Noticed Harold
  6439 | D:7      | Killed Harold
  6439 | D:7      | Reached skill level 13 in Polearms
  6749 | D:7      | Found Biosief's Gadget Shoppe.
  6822 | D:7      | Noticed Menkaure
  6830 | D:7      | Killed Menkaure
  6830 | D:7      | Reached skill level 1 in Invocations
  7094 | D:8      | Reached skill level 14 in Polearms
  7251 | D:8      | Reached XP level 10. HP: 80/80 MP: 10/10
  7900 | D:8      | Found a blossoming altar of Fedhas.
  8099 | D:8      | Reached skill level 5 in Throwing
  8349 | D:9      | Found Fyempic's Assorted Antiques.
  8909 | D:9      | Reached *** piety under the Shining One
  8912 | D:9      | Reached skill level 15 in Polearms
  9571 | D:9      | Reached skill level 10 in Fighting
  9867 | D:9      | HP: 4/85 [wyvern (11)]
 10262 | D:9      | Reached XP level 11. HP: 91/92 MP: 11/11
 10326 | D:9      | Found a staircase to the Lair.
 10450 | D:10     | Entered Level 10 of the Dungeon
 10541 | D:10     | Noticed a two-headed ogre
 10548 | D:10     | Killed a two-headed ogre
 10548 | D:10     | Reached skill level 16 in Polearms
 11351 | D:10     | Noticed a skeletal warrior
 11351 | D:10     | Reached **** piety under the Shining One
 11375 | D:10     | Killed a skeletal warrior
 11378 | D:10     | Found the +8 mithril axe "Arga" {speed, MR+}
 11425 | D:10     | Noticed an ogre mage
 11432 | D:10     | Killed an ogre mage
 11432 | D:10     | Reached skill level 17 in Polearms
 12090 | D:11     | Reached XP level 12. HP: 8/102 MP: 9/12
 12458 | D:11     | Noticed a tengu warrior
 12498 | D:11     | Killed a tengu warrior
 12800 | D:11     | Found a staircase to the Orcish Mines.
 12952 | D:11     | Reached skill level 18 in Polearms
 13092 | D:11     | Noticed Grum
 13103 | D:11     | Killed Grum
 13211 | D:11     | Noticed a centaur warrior
 13224 | D:11     | Killed a centaur warrior
 13788 | Orc:1    | Entered Level 1 of the Orcish Mines
 14174 | Orc:1    | Noticed Erica
 14186 | Orc:1    | Killed Erica
 14459 | Orc:2    | Entered Level 2 of the Orcish Mines
 14718 | Orc:2    | Reached skill level 10 in Dodging
 14734 | Orc:2    | Reached ***** piety under the Shining One
 14975 | Orc:2    | Found a staircase to the Elven Halls.
 15052 | Orc:2    | Noticed an orc high priest
 15060 | Orc:2    | Noticed a sun demon
 15062 | Orc:2    | Noticed a sun demon
 15558 | Orc:2    | Noticed a sun demon
 15559 | Orc:2    | Killed an orc high priest
 15689 | Orc:2    | Reached skill level 19 in Polearms
 15703 | Orc:2    | Noticed an orc high priest
 15722 | Orc:2    | Killed an orc high priest
 15722 | Orc:2    | Reached XP level 13. HP: 111/111 MP: 13/13
 16066 | Orc:2    | Noticed an orc warlord
 16095 | Orc:2    | Killed an orc warlord
 17423 | Orc:2    | Found Bilis's General Store.
 17424 | Orc:2    | Found Ariuryob's Book Shop.
 17426 | Orc:2    | Found Tenohin's Antique Armour Boutique.
 17426 | Orc:2    | Found Ixat's Antique Weapon Boutique.
 17454 | Orc:2    | Bought a glowing bardiche for 360 gold pieces
 17457 | Orc:2    | Bought a pair of ancient boots for 218 gold pieces
 17457 | Orc:2    | Identified the +2 pair of boots of Rotation {rPois Str+2}
                  | (You bought it in a shop on level 2 of the Orcish Mines)
 17763 | Lair:1   | Entered Level 1 of the Lair of Beasts
 17771 | Lair:1   | Was placed under penance by the Shining One
 17901 | D:9      | Bought a scroll of remove curse for 78 gold pieces
 18892 | Lair:1   | Reached skill level 20 in Polearms
 19126 | Lair:2   | Was forgiven by the Shining One
 19478 | Lair:2   | Found a staircase to the Snake Pit.
 19503 | Lair:2   | Noticed Gastronok
 19535 | Lair:2   | Killed Gastronok
 19748 | Lair:2   | Reached XP level 14. HP: 118/120 MP: 14/14
 20204 | Lair:2   | Found a staircase to the Swamp.
 21063 | Lair:3   | HP: 6/121 [catoblepas/blast of calcifying dust (6)]
 21065 | Lair:3   | HP: 2/121 [catoblepas/blast of calcifying dust (4)]
 21066 | Lair:3   | Slain by a catoblepas

Skill      XL: |  1  2  3  4  5  6  7  8  9 10 11 12 13 |
---------------+----------------------------------------+-----
Polearms       | 5 6 7 8 10 12 14 15 17 19 20 | 20.5
Fighting       | 3 5 8 10 12 13 14 | 14.8
Dodging        | 5 6 7 8 10 12 | 12.3
Armour         | 1 2 4 |  4.8
Throwing       | 3 4 5 6 |  6.5
Invocations    | 1 |  1.0

Action                   |  1- 3 |  4- 6 |  7- 9 | 10-12 | 13-15 || total
-------------------------+-------+-------+-------+-------+-------++-------
Melee: Trident           |    72 |   213 |   321 |    66 |       ||   672
       Halberd           |       |    29 |       |   274 |   159 ||   462
       Glaive            |       |       |       |   438 |   376 ||   814
       Bardiche          |       |       |       |       |     4 ||     4
       Tailslap          |       |       |       |       |     2 ||     2
Throw: Tomahawk          |    17 |    30 |    31 |    36 |    35 ||   149
       Throwing net      |       |     1 |       |       |       ||     1
Invok: Divine Shield     |       |       |     3 |     5 |     3 ||    11
  Use: Scroll            |       |     8 |     4 |    24 |     4 ||    40
       Potion            |       |       |     2 |     1 |     1 ||     4
 Stab: Sleeping          |     1 |     2 |       |       |       ||     3
       Held in net/web   |       |     1 |       |       |       ||     1
  Eat: Chunk             |       |     7 |    11 |    20 |    15 ||    53
       Ration            |       |       |     1 |     3 |     1 ||     5
Armor: Leather armour    |    11 |     7 |       |       |       ||    18
       Ring mail         |       |    26 |    41 |    34 |       ||   101
       Chain mail        |       |       |       |    51 |       ||    51
       Fire dragon scale |       |       |       |     5 |       ||     5
       Scale mail        |       |       |       |    70 |   131 ||   201
Dodge: Dodged            |    34 |   121 |    84 |   339 |   333 ||   911
Block: Other             |       |       |     7 |    15 |     4 ||    26
